 Dungeon Crawl Stone Soup version 0.26-a0-40-gfe7b5d5a6f (webtiles) character file.

Game seed: 7413166877439010762, levelgen mode: deterministic

221707 UristMcWizard the Eclecticist (level 18, -16/117 HPs)
             Began as a Deep Elf Wizard on May 31, 2020.
             Was the Champion of Vehumet.
             Blown up by a spellforged servitor (46 damage)
             ... with a wavering orb of destruction
             ... summoned by the player character
             ... on level 1 of the Elven Halls on June 1, 2020.
             The game lasted 06:13:28 (44955 turns).

UristMcWizard the Eclecticist (Deep Elf Wizard)    Turns: 44955, Time: 06:13:28

Health: -16/117    AC: 12    Str:  4      XL:     18   Next: 88%
Magic:  1/54       EV: 19    Int: 26 (30) God:    Vehumet [******]
Gold:   5478       SH:  5    Dex: 13      Spells: 7/51 levels left

rFire    + . .     SeeInvis .   m - +9 staff of Wucad Mu {channel}
rCold    + . .     Gourm    .   a - +0 buckler
rNeg     . . .     Faith    .   o - +2 robe {rF+}
rPois    .         Spirit   .   b - +0 hat
rElec    .         Reflect  .   e - +2 cloak
rCorr    .         Harm     .   U - +0 pair of gloves
MR       +....                  G - +1 pair of boots
Stlth    ++........             L - amulet of regeneration
HPRegen  0.69/turn              j - ring of protection from cold
MPRegen  0.34/turn              H - ring of magical power

@: studying 2 skills
A: dopey 1, high mp 1, robust 1, shaggy fur 1
a: Renounce Religion


You were on level 1 of the Elven Halls.
You worshipped Vehumet.
Vehumet was exalted by your worship.
You were very hungry.

You visited 7 branches of the dungeon, and saw 31 of its levels.
You also visited: Ossuary, Gauntlet and Wizlab.

You collected 6742 gold pieces.
You spent 1264 gold pieces at shops.

Inventory:

Hand Weapons
 g - a +2 dagger of speed
 m - the +9 staff of Wucad Mu (weapon) {channel}
   (You found it in a wizard's laboratory)
 M - the +8 mithril axe "Arga" {speed, MR+}
   (You found it on level 8 of the Dungeon)

   Attacks with this weapon are significantly faster.
   It affects your resistance to hostile enchantments.
Armour
 a - a +0 buckler (worn)
 b - a +0 hat (worn)
 e - a +2 cloak (worn)
 k - +0 steam dragon scales
 o - a +2 robe of fire resistance (worn)
 s - a +2 robe of magic resistance
 A - +0 acid dragon scales
 G - a +1 pair of boots (worn)
 U - a +0 pair of gloves (worn)
Jewellery
 j - a ring of protection from cold (left hand)
 H - a ring of magical power (right hand)
 L - an amulet of regeneration (around neck)
 R - an uncursed ring of poison resistance
Wands
 v - a wand of enslavement (31)
 x - a wand of random effects (20)
 F - a wand of flame (89)
 P - a wand of polymorph (32)
 S - a wand of iceblast (11)
 T - a wand of acid (15)
 W - a wand of digging (14)
Scrolls
 f - 10 scrolls of teleportation
 l - 4 scrolls of enchant weapon
 p - 8 scrolls of fog
 q - 3 scrolls of fear
 r - 4 scrolls of amnesia
 t - 5 scrolls of immolation
 y - 3 scrolls of identify
 B - 8 scrolls of remove curse
 N - 3 scrolls of enchant armour
 V - a scroll of summoning
 Z - a scroll of holy word
Potions
 c - 3 potions of magic
 i - a potion of haste
 n - 2 potions of brilliance
 u - 3 potions of ambrosia
 w - a potion of resistance
 z - a potion of stabbing
 C - 2 potions of invisibility
 D - 11 potions of curing
 J - 2 potions of cancellation
 O - 4 potions of flight
Books
 K - a manual of Poison Magic
 Y - a manual of Armour
Miscellaneous
 h - a phial of floods
 E - a tin of tremorstones (3/3)
 I - 2 boxes of beasts
 Q - a phantom mirror
Comestibles
 d - 19 rations (quivered)


   Skills:
 - Level 10.1 Fighting
 - Level 0.4 Short Blades
 - Level 4.6 Armour
 - Level 12.0 Dodging
 - Level 2.4 Stealth
 - Level 5.6 Shields
 - Level 17.4 Spellcasting
 - Level 16.8 Conjurations
 - Level 4.4 Hexes
 - Level 6.9 Summonings
 - Level 2.0 Translocations
 - Level 3.7 Transmutations
 - Level 12.6 Fire Magic
 - Level 1.0 Air Magic
 - Level 3.0 Earth Magic
 - Level 1.1 Poison Magic
 * Level 11.3 Evocations


You had 7 spell levels left.
You knew the following spells:

 Your Spells              Type           Power        Failure   Level  Hunger
a - Magic Dart            Conj           ####         0%          1    None
b - Blink                 Tloc           N/A          1%          2    None
c - Conjure Flame         Conj/Fire      #######.     0%          3    None
d - Mephitic Cloud        Conj/Pois/Air  ######..     1%          3    None
e - Fireball              Conj/Fire      #######...   1%          5    None
f - Inner Flame           Hex/Fire       ######..     1%          3    None
g - Foxfire               Conj/Fire      ####         0%          1    None
h - Stone Arrow           Conj/Erth      ######       1%          3    None
i - Iskenderun's Mystic   Conj/Tloc      ######..     1%          4    None
j - Orb of Destruction    Conj           #######...   1%          7    #####..
k - Yara's Violent Unrav  Hex/Tmut       #####.....   3%          5    None
l - Spellforged Servitor  Conj/Summ      ######....   4%          7    #####..

Your spell library contained the following spells:

 Spells                   Type           Power        Failure   Level  Hunger
 Starburst                Conj/Fire      #######...   1%          6    ###....
 Apportation              Tloc           ####..       1%          1    None
 Corona                   Hex            #####..      1%          1    None
 Summon Small Mammal      Summ           ####         1%          1    None
 Call Imp                 Summ           ######..     1%          2    None
 Slow                     Hex            #####...     1%          2    None
 Call Canine Familiar     Summ           ######..     1%          3    None
 Summon Guardian Golem    Hex/Summ       ######..     1%          3    None
 Sticky Flame             Conj/Fire      #######.     1%          4    None
 Animate Skeleton         Necr           N/A          2%          1    None
 Infusion                 Chrm           ###.         2%          1    None
 Shroud of Golubria       Chrm/Tloc      ####..       2%          2    None
 Spectral Weapon          Hex/Chrm       ####....     2%          3    None
 Song of Slaying          Chrm           ###.....     3%          2    None
 Cause Fear               Hex            #####.....   3%          4    None
 Ozocubu's Armour         Chrm/Ice       ###.....     6%          3    None
 Silence                  Hex/Air        #####.....   19%         5    None
 Discord                  Hex            #####.....   100%        8    ######.
 Dragon's Call            Summ           ######....   100%        9    #######


Dungeon Overview and Level Annotations

Branches:
Dungeon (15/15)            Temple (1/1) D:7            Lair (6/6) D:9
  Swamp (3/4) Lair:4       Spider (3/4) Lair:3        Slime (0/5) Lair:6
    Orc (2/2) D:10            Elf (1/3) Orc:2        Vaults (0/5) D:13
 Depths (0/5) D:15        Ossuary (visited)          WizLab (visited)
Gauntlet (visited)

Altars:
Ashenzari
Cheibriados
Dithmenos
Elyvilon
Fedhas
Gozag
Hepliaklqana
Kikubaaqudgha
Makhleb
Nemelex Xobeh
Okawaru
Qazlal
Ru
Sif Muna
Trog
Uskayaw
Vehumet
Wu Jian
Xom
Yredelemnul
Zin
The Shining One

Shops:
D:6 [   D:11 =   D:12 =*}   D:14 :   Orc:2 **:[

Portals:
Abyss: D:14
Pandemonium: Orc:2

Annotations:
D:14 2 transporters, Neusuxug's ghost, journeyman NaVM
Spider:2 Roxanne


Innate Abilities, Weirdness & Mutations

You are dopey. (Int -2)
You have an increased reservoir of magic. (+10% MP)
You are robust. (+10% HP)
You are covered in fur. (AC +1)


Message History

The +1 glaive of protection hits you from afar!!
* * * LOW HITPOINT WARNING * * *
You feel better.
The +1 glaive of protection hits you from afar.
* * * LOW HITPOINT WARNING * * *
You feel better.
The +1 glaive of protection closely misses you.
Casting: Blink (safe; 1% risk of failure)
Confirm with . or Enter, or press ? or * to list all spells.
Okay, then.
There is an open door here.
Okay, then.
Casting: Blink (safe; 1% risk of failure)
Confirm with . or Enter, or press ? or * to list all spells.
You summon a servant imbued with your destructive magic!
You are feeling very hungry.
The +1 glaive of protection barely misses you.
Your spellforged servitor conjures a glowing orb.
The wavering orb of destruction weakly hits you!!!
You die...

### ###.### #.....### ####
.....^..# #..###
........#####...8###
........'...'...@..#
........########.#(##
........##.....####.##
#.....'##.......####.#######
'##.###).........####.##...##
.#### #...........# ##'.....#
..#####...........#####.....#
..'..)'...........+...'.....#
..#####.....(.....######...'##


You could see a +1 glaive of protection and a friendly spellforged servitor
(summoned).

Vanquished Creatures
  Rupert (D:14)
  Agnes (D:14)
  Donald (Swamp:3)
  Kirke (Elf:1)
  2 thorn hunters
  A ghoul (Swamp:3)
  A stone giant (Orc:1)
  Nessos (D:14)
  A deep elf demonologist (Elf:1)
  3 entropy weavers
  2 deep elf annihilators (Elf:1)
  2 spark wasps
  Azrael (Spider:2)
  A minotaur (Gauntlet)
  An orange crystal statue (WizLab)
  A yaktaur captain (D:13)
  12 hydras
  A rakshasa (D:15)
  2 ghost crabs
  2 ice dragons (D:15)
  3 catoblepae (Lair:6)
  2 shambling mangroves (Swamp:3)
  A death knight (D:13)
  2 dancing weapons (Elf:1)
  8 two-headed ogres
  6 alligators
  2 centaur warriors (D:15)
  5 death yaks (Lair:6)
  2 tengu warriors (D:14)
  3 orc high priests (Orc:2)
  2 deep elf knights (Elf:1)
  A sixfirhy (Gauntlet)
  A skeletal warrior (D:13)
  A torturous demonspawn (Orc:2)
  A spriggan druid (Swamp:3)
  2 unseen horrors (D:12)
  4 swamp dragons
  3 deep elf archers (Elf:1)
  3 infernal demonspawn (Orc:2)
  A phantasmal warrior (D:13)
  7 orc knights
  16 deep elf magi
  6 ugly things
  An oklob plant (Gauntlet)
  9 wolf spiders
  10 orc sorcerers
  4 manticores
  6 orb spiders
  2 cyclopes
  A moth of wrath (Spider:2)
  A moth of wrath (shapeshifter) (D:13)
  Maurice (D:8)
  Joseph (Lair:1)
  2 black mambas (Lair:6)
  2 gargoyles
  2 torpor snails (Spider:1)
  Psyche (D:8)
  7 spiny frogs
  An orange demon (Orc:2)
  A freezing wraith (D:13)
  Maggie (D:7)
  A hellion (Gauntlet)
  A rime drake (Lair:3)
  An efreet (D:15)
  3 komodo dragons
  2 yaktaurs (D:13)
  A red devil (Orc:2)
  4 demonic crawlers
  A polar bear (Lair:6)
  14 jumping spiders
  12 hornets
  8 tyrant leeches
  11 trolls
  17 bog bodies
  11 blink frogs
  25 slime creatures
  10 hippogriffs
  A water elemental (Elf:1)
  A wraith (D:13)
  4 air elementals (Elf:1)
  A centaur simulacrum (D:12)
  2 vampires (D:15)
  A ynoxinul (Orc:2)
  38 redbacks
  6 wyverns
  A spriggan (D:7)
  9 tarantellas
  5 fire elementals
  44 yaks
  2 basilisks
  2 hogs (Elf:1)
  A neqoxec (Orc:2)
  3 hungry ghosts
  4 insubstantial wisps (Swamp:3)
  2 acid dragons (Gauntlet)
  12 water moccasins
  11 swamp worms
  5 hell hounds
  5 sky beasts
  5 swamp drakes
  7 porcupines
  33 orc warriors
  7 phantoms
  2 black bears
  4 ice beasts
  3 eyes of draining
  4 necrophages (Swamp:3)
  10 ogres
  15 centaurs
  6 wolves (Lair:1)
  15 crocodiles
  2 big kobolds
  A gnoll sergeant (D:11)
  20 bullfrogs
  A wyvern skeleton (D:9)
  4 scorpions
  10 killer bees
  6 wights
  2 electric eels (Lair:6)
  5 howler monkeys
  10 crimson imps
  8 bullfrog zombies
  6 hounds
  Crazy Yiuf (D:3)
  6 centaur zombies
  16 orc priests
  2 bullfrog skeletons
  5 jellies
  26 orc wizards
  2 centaur skeletons (D:6)
  Jessica (D:3)
  8 iguanas
  12 worker ants
  A killer bee zombie (D:10)
  8 mummies (Ossuary)
  2 worker ant zombies
  A howler monkey skeleton (D:8)
  8 adders
  7 gnolls
  9 shadow imps
  12 white imps (D:12)
  2 ufetubi (Gauntlet)
  2 adder skeletons
  6 worms
  2 dart slugs (D:1)
  2 leopard geckos (D:1)
  76 orcs
  7 giant cockroaches
  7 goblins
  10 hobgoblins
  3 jackals (D:3)
  2 quokkas
  3 ball pythons
  8 bats
  5 frilled lizards
  3 hobgoblin zombies (Ossuary)
  14 kobolds
  A kobold zombie (Ossuary)
  A leopard gecko skeleton (D:7)
  4 orc zombies (Ossuary)
  5 rats
  A bush (D:14)
  2 fungi
  3 plants (Lair:6)
937 creatures vanquished.

Vanquished Creatures (collateral kills)
  Arachne (Spider:2)
  Jorgrun (Elf:1)
  Aizul (Swamp:3)
  A deep elf knight (Elf:1)
  A deep elf mage (Elf:1)
  3 fire elementals
  An earth elemental (Elf:1)
9 creatures vanquished.

Vanquished Creatures (others)
  A human (Elf:1)
  826 foxfires
  A fungus (Lair:5)
  5 plants
833 creatures vanquished.

Grand Total: 1779 creatures vanquished

Notes
Turn   | Place    | Note
-------+----------+-------------------------------------------
     0 | D:1      | UristMcWizard the Deep Elf Wizard began the quest for the
                  | Orb.
     0 | D:1      | Reached XP level 1. HP: 10/10 MP: 7/7
   645 | D:1      | Reached XP level 2. HP: 14/15 MP: 6/9
  1389 | D:2      | Reached XP level 3. HP: 19/19 MP: 7/10
  1788 | D:2      | Learned a level 2 spell: Blink
  1792 | D:2      | Learned a level 3 spell: Conjure Flame
  2079 | D:2      | Reached skill level 1 in Fire Magic
  2079 | D:2      | Reached XP level 4. HP: 24/24 MP: 1/12
  2546 | D:2      | Found an iron altar of Okawaru.
  2546 | D:2      | Found a bloodstained altar of Trog.
  3294 | D:3      | Found an opulent altar of Gozag.
  3311 | D:3      | You fall into a shaft and drop 1 floor!
  3330 | D:4      | Reached XP level 5. HP: 28/28 MP: 11/13
  3453 | D:4      | Noticed a hippogriff
  3690 | D:3      | Found a faded altar of an unknown god.
  4041 | D:3      | Noticed Jessica
  4603 | D:3      | Learned a level 3 spell: Mephitic Cloud
  4832 | D:3      | Found a runed translucent door.
  4833 | D:3      | Noticed Crazy Yiuf
  5340 | D:3      | Killed Crazy Yiuf
  5576 | D:3      | Killed Jessica
  5576 | D:3      | Reached skill level 1 in Air Magic
  5576 | D:3      | Reached skill level 1 in Poison Magic
  5576 | D:3      | Reached skill level 1 in Evocations
  5609 | D:3      | Found a shimmering blue altar of Sif Muna.
  5697 | D:4      | Reached XP level 6. HP: 32/32 MP: 2/14
  5794 | D:4      | Reached skill level 1 in Armour
  6331 | D:4      | Killed a hippogriff
  6331 | D:4      | Reached XP level 7. HP: 36/36 MP: 1/15
  6715 | D:4      | Found an iron altar of Okawaru.
  6726 | D:4      | Reached skill level 5 in Spellcasting
  7022 | D:5      | Entered Level 5 of the Dungeon
  7035 | D:5      | Reached skill level 5 in Dodging
  7342 | D:5      | Reached skill level 6 in Spellcasting
  7514 | D:5      | Found a sand-covered staircase.
  7519 | Ossuary  | Entered an ossuary
  7655 | Ossuary  | Reached skill level 1 in Shields
  7869 | Ossuary  | Reached XP level 8. HP: 41/41 MP: 14/19
  9704 | D:6      | Reached skill level 7 in Spellcasting
  9762 | D:6      | Reached skill level 8 in Spellcasting
  9787 | D:6      | Reached XP level 9. HP: 45/45 MP: 7/23
  9907 | D:6      | Reached skill level 9 in Spellcasting
 10170 | D:6      | Reached skill level 10 in Spellcasting
 10224 | D:6      | Found a hazy altar of Hepliaklqana.
 10604 | D:6      | Found Jevi's Armour Shop.
 10616 | D:6      | Reached skill level 5 in Conjurations
 11515 | D:7      | Noticed Maggie
 11975 | D:7      | Reached skill level 1 in Fighting
 12300 | D:8      | Noticed a two-headed ogre
 12652 | D:7      | Reached XP level 10. HP: 52/52 MP: 8/26
 12801 | D:7      | Found a blossoming altar of Fedhas.
 12962 | D:7      | Learned a level 5 spell: Fireball
 12966 | D:7      | Learned a level 3 spell: Inner Flame
 12969 | D:7      | Learned a level 1 spell: Foxfire
 13042 | D:7      | Found a staircase to the Ecumenical Temple.
 13060 | Temple   | Entered the Ecumenical Temple
 13156 | Temple   | Became a worshipper of Vehumet
 13396 | D:7      | Killed Maggie
 13557 | D:8      | Killed a two-headed ogre
 13787 | D:8      | Found the cursed +14 obsidian axe {vorpal, +Fly SInv
                  | *Curse}
 13787 | D:8      | Noticed Psyche
 13788 | D:8      | Found the +8 mithril axe "Arga" {speed, MR+}
 13791 | D:8      | Killed Psyche
 14029 | D:8      | Found a shattered altar of Ashenzari.
 14029 | D:8      | Found a hide-covered altar of Uskayaw.
 14340 | D:8      | Identified the Compendium of Supportive Heat
 14347 | D:8      | Noticed Maurice
 14364 | D:8      | Killed Maurice
 15603 | D:9      | Reached * piety under Vehumet
 15603 | D:9      | Offered knowledge of Freeze by Vehumet.
 15604 | D:9      | Noticed a two-headed ogre
 15756 | D:9      | Reached XP level 11. HP: 55/56 MP: 23/27
 16117 | D:9      | Killed a two-headed ogre
 16253 | D:9      | Found a staircase to the Lair.
 16376 | D:10     | Entered Level 10 of the Dungeon
 16378 | D:10     | Found a staircase to the Orcish Mines.
 16541 | D:10     | Reached skill level 10 in Fire Magic
 16656 | D:10     | You fall into a shaft and drop 2 floors!
 16656 | D:12     | Found Uxogaog's General Store.
 16657 | D:12     | Noticed a red ugly thing
 16747 | D:12     | Bought a potion of heal wounds for 60 gold pieces
 16747 | D:12     | Bought a scroll of identify for 24 gold pieces
 16747 | D:12     | Bought a scroll of identify for 24 gold pieces
 16747 | D:12     | Bought a wand of digging (7) for 264 gold pieces
 16903 | D:12     | Found a frozen archway.
 16980 | D:12     | Reached ** piety under Vehumet
 16980 | D:12     | Offered knowledge of Searing Ray by Vehumet.
 17024 | D:12     | Noticed a deep elf mage
 17111 | D:12     | Killed an unseen horror
 17111 | D:12     | Reached skill level 11 in Spellcasting
 17409 | D:11     | Found Soarokie's Jewellery Boutique.
 18050 | D:10     | Offered knowledge of Stone Arrow by Vehumet.
 18152 | D:10     | Learned a level 3 spell: Stone Arrow
 18169 | D:10     | Found a burning altar of Makhleb.
 18309 | D:10     | Reached skill level 1 in Earth Magic
 18695 | D:11     | Reached *** piety under Vehumet
 18728 | D:11     | Noticed a two-headed ogre
 18784 | D:11     | Killed a two-headed ogre
 18784 | D:11     | Reached skill level 12 in Spellcasting
 18784 | D:11     | Reached skill level 10 in Conjurations
 19094 | Lair:1   | Entered Level 1 of the Lair of Beasts
 19174 | Lair:1   | Offered knowledge of Iskenderun's Mystic Blast by Vehumet.
 19181 | Lair:1   | Noticed a six-headed hydra
 19182 | Lair:1   | Noticed Joseph
 19190 | Lair:1   | Killed a six-headed hydra
 19193 | Lair:1   | Killed Joseph
 19222 | Lair:1   | Reached XP level 12. HP: 57/61 MP: 6/30
 19232 | Lair:1   | Learned a level 4 spell: Iskenderun's Mystic Blast
 19373 | Lair:1   | Noticed a six-headed hydra
 19377 | Lair:1   | Killed a six-headed hydra
 20422 | Lair:1   | Reached skill level 13 in Spellcasting
 21018 | Lair:2   | Reached **** piety under Vehumet
 21125 | Lair:2   | Offered knowledge of Static Discharge by Vehumet.
 21125 | Lair:2   | Reached skill level 14 in Spellcasting
 21686 | Lair:2   | Reached XP level 13. HP: 76/76 MP: 33/33
 21687 | Lair:2   | Reached skill level 5 in Shields
 21687 | Lair:2   | Reached XP level 14. HP: 82/82 MP: 34/34
 21688 | Lair:2   | Gained mutation: You expend magic power (3 MP) to
                  | strengthen your wands. [potion of mutation]
 21688 | Lair:2   | Gained mutation: You are resistant to hostile enchantments.
                  | (MR+) [potion of mutation]
 21689 | Lair:2   | Lost mutation: You expend magic power (3 MP) to strengthen
                  | your wands. [potion of mutation]
 21689 | Lair:2   | Lost mutation: You are resistant to hostile enchantments.
                  | (MR+) [potion of mutation]
 21689 | Lair:2   | Gained mutation: You are robust. (+10% HP) [potion of
                  | mutation]
 21689 | Lair:2   | Gained mutation: You have an increased reservoir of magic.
                  | (+10% MP) [potion of mutation]
 21689 | Lair:2   | Gained mutation: You are dopey. (Int -2) [potion of
                  | mutation]
 21689 | Lair:2   | Gained mutation: You are covered in fur. (AC +1) [potion of
                  | mutation]
 22198 | Lair:3   | Found a hole to the Spider Nest.
 23215 | Lair:4   | Found a staircase to the Swamp.
 23233 | Lair:4   | Reached skill level 5 in Evocations
 24362 | Lair:5   | You fall into a shaft and drop 1 floor!
 24362 | Lair:6   | Entered Level 6 of the Lair of Beasts
 24519 | Lair:5   | Reached ***** piety under Vehumet
 25167 | Orc:1    | Entered Level 1 of the Orcish Mines
 25240 | Orc:1    | Offered knowledge of Orb of Destruction by Vehumet.
 25240 | Orc:1    | Noticed a stone giant
 25246 | Orc:1    | Killed a stone giant
 25486 | Orc:2    | Entered Level 2 of the Orcish Mines
 25699 | Orc:2    | Found a staircase to the Elven Halls.
 26201 | Orc:2    | Found Hesasch's General Store.
 26369 | Orc:2    | Found Elegiroh's General Store.
 26758 | Orc:2    | Learned a level 7 spell: Orb of Destruction
 27012 | Orc:2    | Reached XP level 15. HP: 94/94 MP: 29/38
 27430 | Orc:2    | Reached skill level 15 in Spellcasting
 27695 | Orc:2    | Found Gifiwnor's Book Emporium.
 27695 | Orc:2    | Found Sawar's Antique Armour Shoppe.
 27696 | Orc:2    | Found a one-way gate leading to the halls of Pandemonium.
 27788 | Orc:2    | Bought 2 potions of heal wounds for 110 gold pieces
 27788 | Orc:2    | Bought a scroll of teleportation for 33 gold pieces
 27788 | Orc:2    | Bought a scroll of teleportation for 33 gold pieces
 27788 | Orc:2    | Bought a scroll of teleportation for 33 gold pieces
 27788 | Orc:2    | Bought a potion of curing for 33 gold pieces
 28493 | D:12     | Found Qajenlay's Gadget Shoppe.
 28847 | D:12     | Found Piyly's Jewellery Emporium.
 29253 | D:12     | Reached skill level 16 in Spellcasting
 29594 | D:13     | Got a faintly glowing chain mail
 29603 | D:13     | Identified the cursed +1 chain mail of Quantum Leap {rPois}
                  | (You found it on level 13 of the Dungeon)
 29652 | D:13     | Offered knowledge of Yara's Violent Unravelling by Vehumet.
 29769 | D:13     | Reached skill level 15 in Conjurations
 30164 | D:13     | Found a gate to the Vaults.
 30589 | D:14     | Learned a level 5 spell: Yara's Violent Unravelling
 30748 | D:14     | Reached skill level 1 in Hexes
 30748 | D:14     | Reached skill level 1 in Transmutations
 30932 | D:14     | Noticed Agnes
 30936 | D:14     | Killed Agnes
 31097 | D:14     | Found Cekapu's Book Boutique.
 31140 | D:14     | Identified the +5 scimitar "Comusuc" {distort, Str+5}
 31150 | D:14     | Noticed Neusuxug's ghost (journeyman NaVM)
 31151 | D:14     | Found a one-way gate to the infinite horrors of the Abyss.
 31182 | D:14     | Noticed Nessos
 31183 | D:14     | Noticed Rupert
 31187 | D:14     | Paralysed by Rupert for 3 turns
 31196 | D:14     | Killed Rupert
 31196 | D:14     | Killed Nessos
 31889 | D:14     | Found a transporter.
 31904 | D:14     | Found a transporter.
 32098 | D:15     | Entered Level 15 of the Dungeon
 32106 | D:15     | Found a gate leading to a gauntlet.
 32132 | Gauntlet | Entered a Gauntlet
 32132 | Gauntlet | Found a transporter.
 32133 | Gauntlet | Found a large runed translucent door.
 32134 | Gauntlet | Found a large runed translucent door.
 32135 | Gauntlet | Found a large runed translucent door.
 32135 | Gauntlet | Found a large runed translucent door.
 32135 | Gauntlet | Found a runed translucent door.
 32136 | Gauntlet | Found a large runed translucent door.
 32137 | Gauntlet | Found a large runed translucent door.
 32138 | Gauntlet | Found a large runed translucent door.
 32138 | Gauntlet | Found a large runed translucent door.
 32139 | Gauntlet | Found a runed translucent gate.
 32139 | Gauntlet | Found a runed translucent gate.
 32141 | Gauntlet | Found a transporter.
 32149 | Gauntlet | Found a runed translucent gate.
 32149 | Gauntlet | Found a runed translucent door.
 32150 | Gauntlet | Found a large runed translucent door.
 32150 | Gauntlet | Found a large runed translucent door.
 32151 | Gauntlet | Found a large runed translucent door.
 32152 | Gauntlet | Found a large runed translucent door.
 32156 | Gauntlet | Found a transporter.
 32162 | Gauntlet | Found a transporter.
 32177 | Gauntlet | Found a transporter.
 32196 | Gauntlet | Found a transporter.
 32208 | Gauntlet | Found a transporter.
 32220 | Gauntlet | Found a transporter.
 32232 | Gauntlet | Found a transporter.
 32244 | Gauntlet | Found a transporter.
 32261 | Gauntlet | Found a transporter.
 32279 | Gauntlet | Found a transporter.
 32281 | Gauntlet | Found a transporter.
 32308 | Gauntlet | Found a transporter.
 32308 | Gauntlet | Found a transporter.
 32324 | Gauntlet | Found a large runed translucent door.
 32324 | Gauntlet | Found a large runed translucent door.
 32325 | Gauntlet | Found a large runed translucent door.
 32326 | Gauntlet | Found a large runed translucent door.
 32328 | Gauntlet | Found a transporter.
 32406 | Gauntlet | Found a transporter.
 32426 | Gauntlet | Found a transporter.
 32958 | Gauntlet | Identified the +6 falchion of Trog {flame, Str+4}
 33125 | D:15     | Reached skill level 17 in Spellcasting
 33126 | D:15     | Reached XP level 16. HP: 51/101 MP: 31/42
 33357 | D:15     | Offered knowledge of Freezing Cloud by Vehumet.
 33727 | D:15     | Found a staircase to the Depths.
 34560 | D:12     | Bought an uncursed ring of poison resistance for 300 gold
                  | pieces
 34720 | Spider:1 | Entered Level 1 of the Spider Nest
 36430 | Spider:2 | Offered knowledge of Spellforged Servitor by Vehumet.
 36468 | Spider:2 | Learned a level 7 spell: Spellforged Servitor
 36634 | Spider:2 | Noticed Azrael
 36770 | Spider:2 | Noticed Arachne
 36786 | Spider:2 | Killed Arachne
 36794 | Spider:2 | Killed Azrael
 37224 | Spider:2 | Identified Roxanne's Tome of Shape Shifting
 37224 | Spider:2 | Noticed Roxanne
 37356 | Spider:3 | Reached skill level 5 in Summonings
 37846 | Swamp:1  | Entered Level 1 of the Swamp
 38788 | Swamp:1  | Found a stormy altar of Qazlal.
 38999 | Swamp:2  | Offered knowledge of Conjure Ball Lightning by Vehumet.
 39107 | Swamp:2  | Noticed a thorn hunter
 39111 | Swamp:2  | Killed a thorn hunter
 39150 | Swamp:2  | Reached XP level 17. HP: 89/106 MP: 35/44
 39672 | Swamp:2  | Identified a scroll of acquirement
 40179 | Swamp:3  | Noticed Aizul
 40179 | Swamp:3  | Noticed Donald
 40189 | Swamp:2  | Reached skill level 10 in Dodging
 40511 | Swamp:3  | Killed Aizul
 41016 | Swamp:3  | Killed Donald
 42464 | Lair:6   | Found a staircase to the Slime Pits.
 42879 | Lair:6   | Reached ****** piety under Vehumet
 43591 | D:11     | Bought an uncursed ring of protection from cold for 350
                  | gold pieces
 43678 | Elf:1    | Entered Level 1 of the Elven Halls
 43775 | Elf:1    | Noticed Kirke
 43779 | Elf:1    | Killed Kirke
 43779 | Elf:1    | Reached skill level 10 in Fighting
 43806 | Elf:1    | Found a magical portal.
 43815 | WizLab   | Entered Wucad Mu's Monastery
 43952 | WizLab   | Found the +9 staff of Wucad Mu {channel}
 44210 | WizLab   | Reached XP level 18. HP: 117/117 MP: 45/45
 44311 | Elf:1    | Noticed Jorgrun
 44330 | Elf:1    | Reached skill level 10 in Evocations
 44397 | Elf:1    | Killed Jorgrun
 44398 | Elf:1    | Offered knowledge of Starburst by Vehumet.
 44929 | Elf:1    | HP: 4/117 [+1 glaive of protection (22)]
 44955 | Elf:1    | Blown up by a spellforged servitor

Illustrated notes

Levels and vault maps discovered:
D:1:      scummos_arrival_gate, layout_basic, minmay_pentomino_o2
D:2:      layout_loops_corners, amethyst_overflow_temple_binary,
          mrwooster_statue_mirror
D:3:      layout_basic, grunt_gozag_breadcrumbs,
          chequers_ecumenical_altar_simple_redux, tgw_sif,
          uniq_crazy_yiuf_cottage
D:4:      layout_basic, first_ration, okawaru_ov_weapons_minmay
D:5:      layout_basic, enter_ossuary_5
D:6:      layout_loops_ring, nicolae_overflow_crystal_walls, serial_shops, shop
D:7:      layout_loops_ring, fedhas_bush_and_centaur_altar, temple_statues,
          the_bakery, uniq_maggie
D:8:      minmay_spotlight, layout_loops_ring, gammafunk_temple_overflow_wave,
          enter_bailey_2, serial_rivers, chequers_serial_rivers_small_b,
          chequers_serial_rivers_micro_e, chequers_serial_rivers_micro_c,
          chequers_serial_rivers_small_a, chequers_serial_rivers_room_b,
          minmay_misc_feat_square, minmay_between, uniq_psyche, uniq_maurice
D:9:      layout_irregular_city, lair_entry_dummy
D:10:     layout_long_grid, david_orc_2, basic_altar
D:11:     layout_rooms, serial_shops, nicolae_shop_crystal
D:12:     layout_roguey, serial_shops, shop, nicolae_shop_waterfront,
          shop_statue, portal_ice_cave_entry_imps, minmay_misc_feat_columns
D:13:     layout_rooms, david_vaults_2
D:14:     layout_loops_corners, serial_shops, shop,
          gammafunk_ghost_abyssal_escape, serial_park_gazebo
          [serial_park_minivault_5x5_8], uniq_rupert, uniq_nessos, uniq_agnes
D:15:     grunt_enter_depths_hoard, layout_irregular_city,
          gauntlet_entry_generic
Temple:   regret_index_temple_waves
Lair:1:   layout_layer_cave, uniq_joseph
Lair:2:   layout_chaotic_city, minivault_25, minivault_19
Lair:3:   layout_cellular_growth, spider_nest_entry_funnel_web
Lair:4:   layout_loops_ring, skrybe_swamp_entry_bodies,
          grunt_forest_small_clearings
Lair:5:   layout_gridlike, chequers_serial_rivers_micro_a, grunt_megastairs_2
Lair:6:   evilmike_catoblepas_cave, layout_hall_layers, slime_dummy,
          grunt_megastairs_3, serial_bayou_shore_a
Swamp:1:  layout_falls_marsh, lemuel_altar_in_water, swamp_pool2
Swamp:2:  layout_basic_swamp, evilmike_swamp_ruin_house_3
Swamp:3:  layout_falls_marsh, nicolae_swamp_little_tower, swamp_pool1,
          hangedman_swamp_ravenous, uniq_aizul, uniq_donald
Spider:1: layout_chambers
Spider:2: layout_spider_delve, uniq_arachne, uniq_azrael, uniq_roxanne
Spider:3: layout_spider_delve, drop_trap
Orc:1:    layout_diamond_mine
Orc:2:    pf_orc_diabolical, layout_diamond_mine
Elf:1:    eino_elf_arrival_customs, layout_geoelf_octagon, mu_enter_wizlab_5,
          minivault_28, uniq_kirke, uniq_jorgrun

Skill      XL: |  1  2  3  4  5  6  7  8  9 10 11 12 13 14 15 16 17 18 |
---------------+-------------------------------------------------------+-----
Conjurations   | 2 3 7 9 10 13 15 16 | 16.8
Fire Magic     | 1 2 3 9 11 12 | 12.6
Translocations | 2 |  2.0
Air Magic      | 1 |  1.0
Poison Magic   | 1 |  1.1
Evocations     | 1 3 6 7 9 11 | 11.3
Armour         | 2 3 4 |  4.6
Dodging        | 4 5 6 7 9 12 | 12.0
Spellcasting   | 6 8 10 12 14 17 | 17.4
Shields        | 1 4 5 |  5.6
Fighting       | 1 7 10 | 10.1
Earth Magic    | 3 |  3.0
Hexes          | 4 |  4.4
Transmutations | 3 |  3.7
Summonings     | 6 |  6.9
Short Blades   | |  0.4
Stealth        | |  2.4

Action                   |  1- 3 |  4- 6 |  7- 9 | 10-12 | 13-15 | 16-18 || total
-------------------------+-------+-------+-------+-------+-------+-------++-------
Melee: Dagger            |     7 |       |       |       |       |       ||     7
       Club              |     1 |       |       |       |       |       ||     1
       Staff             |       |       |    18 |       |       |       ||    18
       Broad axe         |       |       |       |    37 |   202 |    86 ||   325
 Cast: Magic Dart        |    98 |   191 |   535 |   110 |    18 |       ||   952
       Conjure Flame     |     1 |    10 |    33 |     8 |     2 |       ||    54
       Blink             |       |     7 |     7 |     3 |       |     5 ||    22
       Mephitic Cloud    |       |     2 |    14 |     5 |       |       ||    21
       Foxfire           |       |       |       |   264 |   156 |    60 ||   480
       Fireball          |       |       |       |    80 |   166 |   281 ||   527
       Inner Flame       |       |       |       |     8 |    23 |    38 ||    69
       Stone Arrow       |       |       |       |     7 |    46 |    32 ||    85
       Iskenderun's Myst |       |       |       |    10 |    86 |    93 ||   189
       Orb of Destructio |       |       |       |       |     4 |    70 ||    74
       Spellforged Servi |       |       |       |       |       |     9 ||     9
       Yara's Violent Un |       |       |       |       |       |     5 ||     5
Evoke: Wand              |       |     2 |       |       |     6 |     7 ||    15
       Phial of floods   |       |       |       |       |       |     1 ||     1
       Staff of Wucad Mu |       |       |       |       |       |     6 ||     6
  Use: Scroll            |     2 |     1 |    14 |    14 |    10 |     8 ||    49
       Potion            |     1 |     2 |     4 |     5 |    13 |    14 ||    39
 Stab: Sleeping          |       |       |       |       |     2 |       ||     2
       Distracted        |       |       |       |       |     1 |     1 ||     2
  Eat: Chunk             |     3 |    10 |     8 |    11 |    30 |    20 ||    82
       Ration            |       |     1 |     4 |     6 |     2 |     9 ||    22
Armor: Robe              |     5 |     7 |    21 |    39 |    81 |    58 ||   211
Dodge: Dodged            |    27 |    26 |    68 |    72 |   159 |   125 ||   477
Block: Buckler           |       |       |    19 |    40 |    74 |    43 ||   176

Table legend:
 A = Non-vault XP
 B = Vault XP
 C = Vault XP percentage of total XP
 D = Non-vault monster count
 E = Vault monster count
 F = Vault count percentage of total count
                 A         B        C        D         E       F
            +---------+---------+-------+---------+---------+-------
      Total |  159505 |   72967 |  31.4 |     736 |     204 |  21.7
            +---------+---------+-------+---------+---------+-------
        D:1 |      35 |       5 |  12.5 |      19 |       2 |   9.5
        D:2 |     137 |       0 |   0.0 |      29 |       0 |   0.0
        D:3 |      91 |      79 |  46.5 |      21 |       2 |   8.7
        D:4 |     635 |       0 |   0.0 |      18 |       0 |   0.0
        D:5 |     562 |       0 |   0.0 |      21 |       0 |   0.0
        D:6 |    2496 |       0 |   0.0 |      38 |       0 |   0.0
        D:7 |     764 |     708 |  48.1 |      27 |       3 |  10.0
        D:8 |    2219 |    1571 |  41.5 |      18 |       8 |  30.8
        D:9 |    3061 |       3 |   0.1 |      26 |       1 |   3.7
       D:10 |    2453 |     144 |   5.5 |      25 |       6 |  19.4
       D:11 |    2367 |       0 |   0.0 |      23 |       0 |   0.0
       D:12 |    6198 |     122 |   1.9 |      32 |      12 |  27.3
       D:13 |   10697 |    1785 |  14.3 |      33 |       3 |   8.3
       D:14 |    6787 |    6396 |  48.5 |      26 |       3 |  10.3
       D:15 |   13832 |    1947 |  12.3 |      50 |       2 |   3.8
     Lair:1 |    5305 |     445 |   7.7 |      21 |       1 |   4.5
     Lair:2 |    3422 |       0 |   0.0 |      19 |       0 |   0.0
     Lair:3 |    2997 |    1312 |  30.4 |      17 |       5 |  22.7
     Lair:4 |    4633 |     523 |  10.1 |      14 |       2 |  12.5
     Lair:5 |    3103 |       0 |   0.0 |      16 |       0 |   0.0
     Lair:6 |    4334 |   11376 |  72.4 |      14 |      27 |  65.9
    Swamp:1 |    9608 |       0 |   0.0 |      28 |       0 |   0.0
    Swamp:2 |   11146 |       0 |   0.0 |      24 |       0 |   0.0
    Swamp:3 |   16094 |    7402 |  31.5 |      37 |      15 |  28.8
   Spider:1 |   19360 |     151 |   0.8 |      52 |       1 |   1.9
   Spider:2 |    5672 |    4660 |  45.1 |      16 |       8 |  33.3
   Spider:3 |    6110 |       0 |   0.0 |      16 |       0 |   0.0
      Orc:1 |    5491 |       0 |   0.0 |      26 |       0 |   0.0
      Orc:2 |    1340 |   15656 |  92.1 |      11 |      57 |  83.8
      Elf:1 |    8556 |   13850 |  61.8 |      19 |      19 |  50.0
    Ossuary |       0 |     150 | 100.0 |       0 |      16 | 100.0
     WizLab |       0 |    1177 | 100.0 |       0 |       1 | 100.0
   Gauntlet |       0 |    3505 | 100.0 |       0 |      10 | 100.0
            +---------+---------+-------+---------+---------+-------
